 Dungeon Sprint DCSS version 0.17-a0-1954-g0dddeaa (webtiles) character file.

34 pasperui the Digger (level 3, -9/28 HPs)
             Began as a Naga Earth Elementalist on Oct 3, 2015.
             Mangled by a water elemental (19 damage)
             ... in the Dungeon (Sprint III: "The Ten Rune Challenge").
             The game lasted 00:04:09 (638 turns).

pasperui the Digger (Naga Earth Elementalist)        Turns: 638, Time: 00:04:09

Health: -9/28      AC:  3    Str: 10    XL:     3   Next: 31%
Magic:  1/6        EV: 10    Int: 16    God:
Gold:   25         SH:  0    Dex: 11    Spells: 2 memorised, 2 levels left

rFire  . . .     SeeInvis +     a - 5 stones
rCold  . . .     Clarity  .     b - +0 robe
rNeg   . . .     SustAt   .     (no shield)
rPois  +         Gourm    .     (no helmet)
rElec  .         Spirit   .     (no cloak)
rCorr  .         Warding  .     k - +0 pair of gloves
rMut   .         NoTele   +     (no barding)
MR     .....                    (no amulet)
Stlth  ++........               (no ring)
                                (no ring)

@: very slow, not resistant to hostile enchantments, unstealthy
A: see invisible, deformed body, poison resistance, slowness 2, slow metabolism
1, spit poison 2, AC +1
a: Spit Poison


You were in the Dungeon.
You were hungry.

You visited 1 branch You collected 25 gold pieces.

Inventory:

Missiles
 a - 5 stones (in hand)
Armour
 b - a +0 robe (worn)
 k - a +0 pair of gloves (worn)
Scrolls
 j - a scroll of blinking
 l - a scroll of enchant weapon {unknown}
 m - 2 scrolls of holy word {unknown}
 n - a scroll of immolation {unknown}
 o - 3 scrolls of identify
 s - 2 scrolls of remove curse
Potions
 e - a potion of curing
 f - a potion of heal wounds
 h - a potion of magic
 i - 2 potions of mutation {unknown}
 q - a potion of cure mutation {unknown}
 r - 4 potions of flight
 u - a potion of might {unknown}
Books
 c - a book of Geomancy

   Spells                             Type                      Level
   a - Sandblast                      Earth                        1
   b - Stoneskin                      Transmutation/Earth          2
   c - Passwall                       Transmutation/Earth          3
   d - Stone Arrow                    Conjuration/Earth            3
   e - Petrify                        Transmutation/Earth          4
   f - Lee's Rapid Deconstruction     Earth                        5
Comestibles
 d - a bread ration
 p - 2 fruits
 t - a royal jelly


   Skills:
 - Level 1.5 Dodging
 - Level 3.0 Stealth
 - Level 2.0 Spellcasting
   Level 1.0 Transmutations
 - Level 7.0 Earth Magic


You had 2 spell levels left.
You knew the following spells:

 Your Spells              Type           Power        Failure   Level  Hunger
a - Sandblast             Erth           ###...       1%          1    #......
b - Stone Arrow           Conj/Erth      ##....       14%         3    ###....


Dungeon Overview and Level Annotations

Branches:
Dungeon (1/1)

Altars:


Innate Abilities, Weirdness & Mutations

You cannot wear boots.
Your serpentine skin is tough (AC +1).
You have supernaturally acute eyesight.
Armour fits poorly on your strangely shaped body.
Your system is resistant to poisons.
You cover ground very slowly.
You have a slow metabolism.
You can spit poison.


Message History

You are feeling hungry.
Use which ability?
Press: ? - help, Shift-Dir - straight line, f/p - water elemental
Aim: a water elemental (almost destroyed)
The splash of poison hits the water elemental.
The water elemental completely resists.
The water elemental is almost destroyed.
You feel slightly more hungry.
Unknown command.
The water elemental hits you!!
Ouch! That really hurt!
The water elemental engulfs you in water!
With effort, you pull free of the water engulfing you.
You gasp with relief as air once again reaches your lungs.
You have got your breath back.
The water elemental closely misses you.
There is an open door to the Ecumenical Temple here.
The water elemental hits you!!
Ouch! That really hurt!
You die...

▓▓▓▓▓▓▓▓ ▓▓▓ <..#...#### ##.#
...#......#####..#
..##.......#..#..#
##.##.##...#..#..###+#+###+##
##.##.###..##'#..#..........#
#.####.##..###...E.⌠........#
.###..##..####..@#...######+#
#.....##..###....#.⌠.#
###..##...##.....#...#
##..##....#......#+###
#..###..##.#.....# #..# #..
####....# ▓▓▓▓ ▓▓▓ ▓▓▓▓▓▓


You could see a water elemental.

Vanquished Creatures
  A human (D)
  2 oozes (D)
  A phantom (D)
  2 rats (D)
6 creatures vanquished.

Vanquished Creatures (others)
  2 draconian scorchers (D)
  A yaktaur (D)
  2 fire drakes (D)
5 creatures vanquished.

Grand Total: 11 creatures vanquished

Notes
Turn   | Place    | Note
--------------------------------------------------------------
     0 | D        | pasperui the Naga Earth Elementalist began the quest for the Orb.
     0 | D        | Reached XP level 1. HP: 15/15 MP: 3/3
     9 | D        | Reached skill level 4 in Earth Magic
    36 | D        | Reached skill level 5 in Earth Magic
    36 | D        | Reached XP level 2. HP: 22/22 MP: 1/5
   145 | D        | Reached skill level 6 in Earth Magic
   145 | D        | Reached XP level 3. HP: 7/28 MP: 0/6
   169 | D        | Killed a white draconian scorcher
   170 | D        | Killed a white draconian scorcher
   178 | D        | Killed a yaktaur
   253 | D        | Killed a fire drake
   392 | D        | Reached skill level 7 in Earth Magic
   397 | D        | Learned a level 3 spell: Stone Arrow
   410 | D        | Killed a fire drake
   426 | D        | Noticed a water elemental
   638 | D        | Mangled by a water elemental

Vault maps used:
D:        dungeon_sprint_mu

Action                   || total
-------------------------++-------
Melee: Unarmed           ||     6
 Cast: Sandblast         ||    17
       Stone Arrow       ||     4
 Abil: Spit Poison       ||     6
  Use: Potion            ||     3
